 Dungeon Crawl Stone Soup version 0.28-a0-1152-g9c71ebef14 (webtiles) character file.

Game seed: 10013101293274680823

2679 blank1 the Fighter (level 9, -3/83 HPs)
             Began as a Minotaur Fighter on Dec 14, 2021.
             Was a Believer of Okawaru.
             Slain by a two-headed ogre (27 damage)
             ... on level 8 of the Dungeon on Dec 15, 2021.
             The game lasted 00:13:12 (7724 turns).

blank1 the Fighter (Minotaur Fighter)               Turns: 7724, Time: 00:13:13

Health: -3/83      AC: 10    Str: 23    XL:     9   Next: 37%
Magic:  11/11      EV: 14    Int:  5    God:    Okawaru [**....]
Gold:   442        SH:  6    Dex: 12    Spells: 8/8 levels left

rFire   . . .      SeeInvis .   u - +0 flail (elec)
rCold   + . .      Faith    .   c - +1 buckler
rNeg    . . .      Spirit   .   k - +0 chain mail
rPois   .          Reflect  .   (helmet restricted)
rElec   .          Harm     .   (no cloak)
rCorr   .          Rampage  .   (no gloves)
Will    .....                   (no boots)
Stlth   ..........              (no amulet)
HPRegen 0.23/turn               m - ring of protection from cold
MPRegen 0.12/turn               n - +4 ring of evasion

@: no status effects
A: horns 2, retaliatory headbutt
a: Renounce Religion, Heroism


You were on level 8 of the Dungeon.
You worshipped Okawaru.
Okawaru was pleased with you.
You visited 2 branches of the dungeon, and saw 9 of its levels.

You collected 442 gold pieces.

Inventory:

Hand Weapons
 u - a +0 flail of electrocution (weapon)
Missiles
 j - 2 throwing nets (quivered)
Armour
 c - a +1 buckler (worn)
 k - a +0 chain mail (worn)
Jewellery
 m - a ring of protection from cold (left hand)
 n - a +4 ring of evasion (right hand)
Wands
 q - a wand of mindburst (9)
 z - a wand of flame (26)
Scrolls
 a - 2 scrolls of teleportation
 b - a scroll of identify
 e - 2 scrolls of immolation
 h - 2 scrolls of vulnerability
 p - a scroll of fog {unknown}
 t - a scroll of blinking {unknown}
 y - a scroll of fear {unknown}
Potions
 d - a potion of might
 f - 4 potions of curing
 g - 2 potions of brilliance {unknown}
 i - a potion of degeneration {unknown}
 l - 2 potions of berserk rage {unknown}
 o - 2 potions of cancellation
 r - 2 potions of mutation {unknown}
 v - 2 potions of heal wounds {unknown}
 w - a potion of invisibility
 x - a potion of lignification


   Skills:
 - Level 9.0 Fighting
 - Level 9.0 Maces & Flails
 + Level 6.5 Armour
 + Level 5.5 Dodging
 - Level 4.0 Shields
 - Level 4.0 Invocations


You had 8 spell levels left.
You didn't know any spells.
Your spell library contained the following spells:

 Spells                   Type           Power      Damage    Failure   Level
 Beastly Appendage        Tmut           0%         N/A       98%         1
 Wereblood                Tmut           0%         N/A       99%         2
 Ignite Poison            Fire/Tmut/Pois 0%         N/A       100%        3
 Mephitic Cloud           Conj/Pois/Air  0%         N/A       100%        3
 Spider Form              Tmut/Pois      0%         N/A       100%        3
 Stone Arrow              Conj/Erth      0%         3d7       100%        3
 Borgnjor's Vile Clutch   Necr/Erth      0%         N/A       100%        5
 Freezing Cloud           Conj/Ice/Air   0%         6-21      100%        5
 Lehudib's Crystal Spear  Conj/Erth      0%         10d2      100%        8
 Animate Armour           Summ/Erth      Unusable   N/A       N/A         4
 Animate Dead             Necr           Unusable   N/A       N/A         4
 Death Channel            Necr           Unusable   N/A       N/A         6

Dungeon Overview and Level Annotations

Branches:
Dungeon (8/15)             Temple (1/1) D:4
   Lair: D:8-11

Altars:
Elyvilon
Hepliaklqana
Kikubaaqudgha
Makhleb
Okawaru
Qazlal
Trog
Uskayaw

Shops:
D:2 !   D:5 *


Innate Abilities, Weirdness & Mutations

You have a pair of horns on your head.
You reflexively headbutt those who attack you in melee.


Message History

The orc wizard is engulfed in a cloud of scalding steam.
You are engulfed in a cloud of scalding steam.
The orc wizard is engulfed in a cloud of scalding steam.
The orc wizard hits you with a +0 dagger.
The steam dragon bites you but does no damage.
The steam dragon misses you. The orc wizard misses you.
You bump into the rock wall.
The centaur unwields a +0 shortbow.
The centaur misses you.
The centaur kicks you but does no damage.
The steam dragon bites you. The steam dragon closely misses you.
The orc wizard mumbles some strange words.
The orc wizard flickers and vanishes!
Deactivating autopickup; reactivate with Ctrl-A.
A two-headed ogre comes into view. It is wielding two +0 giant clubs.
You feel less confused.
The two-headed ogre shouts in stereo!
The steam dragon misses you. You furiously retaliate!
You headbutt the steam dragon, but do no damage.
The steam dragon claws you but does no damage.
Reactivating autopickup.
You block the centaur's attack. The centaur misses you.
Unknown command.
Unknown command.
As you read the scroll of teleportation, it crumbles to dust.
You feel strangely unstable. The bullfrog misses you.
You block the centaur's attack.
The centaur kicks you but does no damage.
The steam dragon breathes steam at you. The ball of steam misses you.
Unknown command.
You are engulfed in a cloud of scalding steam.
The centaur zaps a wand.
The mass of ice explodes!
The iceblast engulfs you. You partially resist.
* * * LOW HITPOINT WARNING * * *
The bullfrog hits you.
* * * LOW HITPOINT WARNING * * *
Your surroundings suddenly seem different.
There is a stone staircase leading up here.
The two-headed ogre hits you with a +0 giant club!!
You die...

#...........## ##..## ##..##
#.........### ###....# ###.#
#..........####......## #..#
##....####.##.........####..#
.......................##..##
########.#####.........#...#
..... #.#..........## #'###'#
#.#O......##..# #. .#
#.#@...#####..# # # #....###
#..# #.#### ##.# #.# #### #.#
#.# ###..# #.# #.###....#
#.## #.##.....# #..#
#.#......# #.## #.#))....#
#.#


You could see a two-headed ogre.

Vanquished Creatures
  A wraith (D:6)
  Menkaure (D:4)
  2 water moccasins (D:7)
  An orc warrior (D:7)
  2 sky beasts (D:6)
  A black bear (D:6)
  3 ogres
  A necrophage (D:4)
  2 phantoms
  A bullfrog (D:7)
  A wyvern skeleton (D:7)
  8 killer bees
  An electric eel (D:7)
  2 bullfrog zombies (D:7)
  A hound (D:3)
  3 jellies
  An orc priest (D:5)
  An iguana (D:4)
  Natasha (thrice) (D:4)
  10 orc wizards
  3 gnolls (D:6)
  9 adders
  A shadow imp (D:5)
  An ufetubus (D:4)
  An adder skeleton (D:4)
  A worm (D:4)
  2 dart slugs
  37 orcs
  5 ball pythons
  9 endoplasms
  3 giant cockroaches
  6 goblins
  15 hobgoblins
  7 jackals
  8 quokkas
  3 bats
  2 frilled lizards
  4 kobolds
  4 rats
167 creatures vanquished.

Vanquished Creatures (others)
  An orc wizard (D:8)
1 creature vanquished.

Grand Total: 168 creatures vanquished

Notes
Turn   | Place    | Note
-------+----------+-------------------------------------------
     0 | D:1      | blank1 the Minotaur Fighter began the quest for the Orb.
     0 | D:1      | Reached XP level 1. HP: 19/19 MP: 0/0
     0 | D:1      | Upgraded the game from 0.28-a0-1143-gcf6077d4cc to
                  | 0.28-a0-1152-g9c71ebef14
     9 | D:1      | Noticed an ogre
   121 | D:1      | Reached XP level 2. HP: 26/27 MP: 1/1
   229 | D:1      | Reached skill level 1 in Dodging
   340 | D:1      | Reached XP level 3. HP: 33/33 MP: 2/2
   744 | D:2      | Found a faded altar of an unknown god.
   888 | D:2      | Found Faull's Distillery.
  1098 | D:3      | Reached XP level 4. HP: 40/40 MP: 3/3
  1602 | D:3      | Reached XP level 5. HP: 41/47 MP: 4/4
  1867 | D:4      | Noticed Natasha
  1881 | D:4      | Killed Natasha
  1882 | D:4      | Reached skill level 5 in Fighting
  1882 | D:4      | Reached skill level 5 in Maces & Flails
  1885 | D:4      | Noticed Natasha
  1888 | D:4      | Noticed Menkaure
  2285 | D:4      | Reached XP level 6. HP: 50/56 MP: 5/5
  2700 | D:4      | Killed Natasha
  2739 | D:4      | Noticed Natasha
  2742 | D:4      | Killed Menkaure
  2754 | D:4      | Reached skill level 5 in Armour
  2754 | D:4      | Reached XP level 7. HP: 50/63 MP: 6/6
  2757 | D:4      | Killed Natasha
  2859 | D:4      | Found a staircase to the Ecumenical Temple.
  2914 | Temple   | Entered the Ecumenical Temple
  3013 | Temple   | Became a worshipper of Warmaster Okawaru
  3151 | D:4      | Reached skill level 1 in Invocations
  3394 | D:5      | Entered Level 5 of the Dungeon
  4001 | D:5      | Found God Gyonk's Overcharged Wands.
  4166 | D:5      | Reached * piety under Okawaru
  4189 | D:5      | Reached XP level 8. HP: 53/71 MP: 9/9
  5012 | D:6      | Reached skill level 5 in Dodging
  6193 | D:7      | Found a hide-covered altar of Uskayaw.
  6228 | D:7      | Reached ** piety under Okawaru
  6231 | D:7      | Reached XP level 9. HP: 77/81 MP: 11/11
  7696 | D:8      | Noticed a two-headed ogre
  7724 | D:8      | Slain by a two-headed ogre

Illustrated notes

Levels and vault maps discovered:
D:1:      evilmike_arrival_come_back, layout_loops_ring
D:2:      layout_rooms, serial_shops, nicolae_shop_stone,
          ebering_ecumenical_altar_webs, kennysheep_generic_room_7
D:3:      layout_loops_ring, kennysheep_doodads
D:4:      layout_loops_ring, minmay_temple_entry_waves, uniq_menkaure,
          uniq_natasha
D:5:      layout_loops_cross, grunt_decor_mini_mirrors,
          chequers_serial_rivers_marsh, hangedman_decor_diamond_cutter,
          grunt_ministairs_10, nicolae_shop_overcharged_wands
D:6:      layout_basic, serial_corexii_hall, corexii_hall_statues_x,
          corexii_hall_statues_deadend
D:7:      layout_basic, mainiacjoe_overflow_tiny_flanked, serial_bayou_pond_b
D:8:      black_bear_nest_2, layout_cave_pods, david_lair_generic,
          grunt_ministairs_4, minmay_the_grid_2x2 [minmay_the_grid_doors,
          minmay_the_grid_large_cup, minmay_the_grid_spikes,
          minmay_the_grid_prize_shrinking_boxes]
Temple:   roderic_octagonal_lattice_temple

Skill      XL: |  1  2  3  4  5  6  7  8  9 |
---------------+----------------------------+-----
Dodging        | 1 2 3 4 5 |  5.5
Fighting       | 4 5 6 8 9 |  9.0
Armour         | 4 5 6 |  6.5
Shields        | 4 |  4.0
Maces & Flails | 3 4 5 6 8 9 |  9.0
Invocations    | 3 4 |  4.0

Action                   |  1- 3 |  4- 6 |  7- 9 || total
-------------------------+-------+-------+-------++-------
Melee: Flail             |    71 |   145 |   213 ||   429
       Headbutt          |    11 |    20 |    43 ||    74
  Use: Scroll            |       |       |    16 ||    16
Armor: Scale mail        |    29 |    61 |    31 ||   121
       Chain mail        |       |       |    48 ||    48
Dodge: Dodged            |    40 |    67 |   145 ||   252
Block: Buckler           |    20 |    27 |    65 ||   112

Table legend: (Time is in decaauts)
 A = Elapsed time spent in this place.
 B = Non-inter-level travel time spent in this place.
 C = Inter-level travel time spent in this place.
 D = Time resting spent in this place.
 E = Time spent auto-exploring this place.
 F = Levels seen in this place.
 G = Mean time per level.
                   A        B        C        D        E       F      G
               +--------+--------+--------+--------+--------+-----+--------+
         Total |   7789 |   7469 |    320 |   1356 |   4750 |   9 |  865.4 |
       Dungeon |   7673 |   7368 |    305 |   1356 |   4665 |   8 |  959.1 |
        Temple |    115 |    100 |     15 |      0 |     85 |   1 |  115.0 |
               +--------+--------+--------+--------+--------+-----+--------+

Top non-repeatable levels by time:
     D:6: 1768 daAuts
     D:4: 1264 daAuts
     D:3: 1232 daAuts
     D:7: 1225 daAuts
     D:5: 899 daAuts
     D:1: 668 daAuts
     D:2: 445 daAuts
     D:8: 170 daAuts
  Temple: 115 daAuts
